| TOP OF THE 1ST |
|
Williston Water Wolves batting - Pitching for Minot Jets : LHP Allan Anderson
|
|
Pitching: LHP Allan Anderson
|
|
|
Batting: SHB Juan Castillo
|
0-0: Ball 1-0: Ball 2-0: Ground out 5-3 (Groundball, 56S, EV 91.9 MPH)
|
|
Batting: RHB Jim Reboulet
|
0-0: Called Strike 0-1: Called Strike 0-2: SINGLE (Groundball, 6MD, EV 110.0 MPH)
|
|
Batting: RHB Pat Jelks
|
0-0: Called Strike 0-1: Fly out, F8 (Flyball, 8LM, EV 80.0 MPH)
|
|
Batting: RHB Eric Lane
|
0-0: Ball Jim Reboulet is caught stealing 2nd base 2-4
|
| Top of the 1st over - 0 runs, 1 hit, 0 errors, 0 left on base; Williston 0 - Minot 0 |
| BOTTOM OF THE 1ST |
|
Minot Jets batting - Pitching for Williston Water Wolves : LHP Richard Whaley
|
|
Pitching: LHP Richard Whaley
|
|
|
Batting: RHB George Vogel
|
0-0: Called Strike 0-1: Foul Ball, location: 2F 0-2: Strikes out swinging
|
|
Batting: RHB William Phillips
|
0-0: Called Strike 0-1: Called Strike 0-2: Strikes out swinging, 2-3 out at first.
|
|
Batting: LHB Douglas Reibel
|
0-0: Ball 1-0: Ball 2-0: Called Strike 2-1: Ball 3-1: Base on Balls
|
|
Batting: RHB Troy Afenir
|
0-0: Ball 1-0: Ball 2-0: Foul Ball, location: 2F 2-1: Ball 3-1: Swinging Strike 3-2: Base on Balls Douglas Reibel to second
|
|
Batting: RHB Tony Beal
|
0-0: Ball 1-0: Ball 2-0: Ball 3-0: Base on Balls Douglas Reibel to third Troy Afenir to second
|
|
Batting: RHB Jim Dickerson
|
0-0: Ball 1-0: Ground out 5-3 (Groundball, 5S, EV 83.1 MPH)
|
| Bottom of the 1st over - 0 runs, 0 hits, 0 errors, 3 left on base; Williston 0 - Minot 0 |
| TOP OF THE 2ND |
|
Williston Water Wolves batting - Pitching for Minot Jets : LHP Allan Anderson
|
|
Batting: RHB Eric Lane
|
0-0: Called Strike 0-1: Ball 1-1: Swinging Strike 1-2: Strikes out swinging
|
|
Batting: RHB Nelson Santovenia
|
0-0: Called Strike 0-1: SINGLE (Line Drive, 8LS, EV 96.3 MPH)
|
|
Batting: RHB Brian White
|
0-0: Ball 1-0: DOUBLE (Flyball, 9LD, EV 94.4 MPH) Nelson Santovenia to third Runner from 3rd tries for Home, SAFE, throw by RF to home
|
|
Batting: RHB Jeff Hamilton
|
0-0: Called Strike 0-1: Swinging Strike 0-2: Ball 1-2: Foul Ball, location: 2F 1-2: Foul Ball, location: 2F 1-2: DOUBLE (Flyball, 89D, EV 101.9 MPH) Brian White scores
|
|
Batting: RHB Tex Morgan
|
0-0: Called Strike 0-1: Called Strike 0-2: Foul Ball, location: 2F 0-2: Ground out 6-3 (Groundball, 6D, EV 103.8 MPH)
|
|
Batting: RHB Gary Clevenger
|
0-0: Foul Ball, location: 2F 0-1: Ball 1-1: Ball 2-1: Called Strike 2-2: Ground out 5-3 (Groundball, 56S, EV 81.3 MPH)
|
| Top of the 2nd over - 2 runs, 3 hits, 0 errors, 1 left on base; Williston 2 - Minot 0 |
| BOTTOM OF THE 2ND |
|
Minot Jets batting - Pitching for Williston Water Wolves : LHP Richard Whaley
|
|
Batting: LHB Theodore Milner
|
0-0: Ground out U3 (Groundball, 3, EV 105.0 MPH)
|
|
Batting: RHB Jesus Aybar
|
0-0: Ball 1-0: SINGLE (Line Drive, 9S, EV 104.4 MPH)
|
|
Batting: RHB Hugo Olivas
|
0-0: Called Strike 0-1: Called Strike 0-2: Ball 1-2: Fielders Choice at 2nd, 4-6 (Groundball, 34S, EV 85.6 MPH)
|
|
Batting: RHB George Vogel
|
0-0: Ball 1-0: Foul Ball, location: 2F 1-1: Foul Ball, location: 2F 1-2: Ball 2-2: Ball 3-2: Ground out 4-3 (Groundball, 34, EV 87.5 MPH)
|
| Bottom of the 2nd over - 0 runs, 1 hit, 0 errors, 1 left on base; Williston 2 - Minot 0 |
| TOP OF THE 3RD |
|
Williston Water Wolves batting - Pitching for Minot Jets : LHP Allan Anderson
|
|
Batting: SHB Juan Castillo
|
0-0: Ball 1-0: Ball 2-0: Ball 3-0: Called Strike 3-1: Foul Ball, location: 2F 3-2: Strikes out swinging
|
|
Batting: RHB Jim Reboulet
|
0-0: Ball 1-0: Foul Ball, location: 2F 1-1: Foul Ball, location: 2F 1-2: Ground out 4-3 (Groundball, 4S, EV 80.6 MPH)
|
|
Batting: RHB Pat Jelks
|
0-0: Ball 1-0: Foul Ball, location: 2F 1-1: Foul Ball, location: 2F 1-2: Fly out, F4 (Popup, 34S, EV 72.5 MPH)
|
| Top of the 3rd over - 0 runs, 0 hits, 0 errors, 0 left on base; Williston 2 - Minot 0 |
| BOTTOM OF THE 3RD |
|
Minot Jets batting - Pitching for Williston Water Wolves : LHP Richard Whaley
|
|
Batting: RHB William Phillips
|
0-0: Called Strike 0-1: Swinging Strike 0-2: Ball 1-2: Foul Ball, location: 2F 1-2: TRIPLE (Flyball, 9LD, EV 101.9 MPH)
|
|
Batting: LHB Douglas Reibel
|
0-0: Foul Ball, location: 2F 0-1: Ball 1-1: Called Strike 1-2: Strikes out swinging
|
|
Batting: RHB Troy Afenir
|
0-0: Ball 1-0: Fly out, F7 (Line Drive, 7, EV 90.6 MPH) Runner from 3rd tags up, SCORES, throw by LF
|
|
Batting: RHB Tony Beal
|
0-0: Ball 1-0: Ball 2-0: Foul Ball, location: 2F 2-1: Ball 3-1: Foul Ball, location: 2F 3-2: Base on Balls
|
|
Batting: RHB Jim Dickerson
|
0-0: Ball 1-0: Called Strike 1-1: Ball 2-1: Foul Ball, location: 2F 2-2: SINGLE (Groundball, 4MD, EV 105.6 MPH) Tony Beal to second
|
|
Batting: LHB Theodore Milner
|
0-0: Ball 1-0: Foul Ball, location: 2F 1-1: SINGLE (Line Drive, 89M, EV 98.1 MPH) Tony Beal to third Jim Dickerson to second Runner from 3rd tries for Home, SAFE, throw by RF to home
|
|
Batting: RHB Jesus Aybar
|
0-0: Ball 1-0: Ball 2-0: Called Strike 2-1: Fielders Choice at 2nd, U6 (Groundball, 6M, EV 83.1 MPH)
|
| Bottom of the 3rd over - 2 runs, 3 hits, 0 errors, 2 left on base; Williston 2 - Minot 2 |
| TOP OF THE 4TH |
|
Williston Water Wolves batting - Pitching for Minot Jets : LHP Allan Anderson
|
|
Batting: RHB Eric Lane
|
0-0: Called Strike 0-1: SINGLE (Groundball, 4MD, EV 94.4 MPH)
|
|
Batting: RHB Nelson Santovenia
|
0-0: Grounds into double play, 4-6-3 (Groundball, 4, EV 85.0 MPH)
|
|
Batting: RHB Brian White
|
0-0: Called Strike 0-1: Foul Ball, location: 2F 0-2: Ball 1-2: Ball 2-2: SINGLE (Groundball, 56D, EV 95.6 MPH)
|
|
Batting: RHB Jeff Hamilton
|
0-0: Ball 1-0: Ball 2-0: Called Strike 2-1: Fly out, F5 (Popup, 15, EV 86.3 MPH)
|
| Top of the 4th over - 0 runs, 2 hits, 0 errors, 1 left on base; Williston 2 - Minot 2 |
| BOTTOM OF THE 4TH |
|
Minot Jets batting - Pitching for Williston Water Wolves : LHP Richard Whaley
|
|
Batting: RHB Hugo Olivas
|
0-0: Ball 1-0: Ball 2-0: Swinging Strike 2-1: Ball 3-1: Base on Balls
|
|
Batting: RHB George Vogel
|
0-0: Ball 1-0: Ball 2-0: Ball 3-0: Called Strike 3-1: Base on Balls Hugo Olivas to second
|
|
Batting: RHB William Phillips
|
0-0: Ball 1-0: Swinging Strike 1-1: Foul Ball, location: 2F 1-2: Ball 2-2: Fly out, F9 (Flyball, 9, EV 85.0 MPH)
|
|
Batting: LHB Douglas Reibel
|
Balk! Hugo Olivas to third George Vogel to second 0-0: Foul Ball, location: 2F 0-1: SINGLE (Groundball, 3D, EV 103.8 MPH) Hugo Olivas scores George Vogel to third Runner from 3rd tries for Home, SAFE, throw by RF to home
|
|
Batting: RHB Troy Afenir
|
0-0: DOUBLE (Line Drive, 7LD, EV 110.0 MPH) Douglas Reibel to third Runner from 3rd tries for Home, SAFE, no throw by LF
|
|
Batting: RHB Tony Beal
|
0-0: Ball 1-0: Ball 2-0: Foul Ball, location: 2F 2-1: Foul Ball, location: 2F 2-2: Foul Ball, location: 2F 2-2: Ball 3-2: Strikes out looking
|
|
Batting: RHB Jim Dickerson
|
0-0: Ball Passed Ball! Troy Afenir to third 1-0: Swinging Strike 1-1: Fly out, F7 (Flyball, 7LM, EV 92.5 MPH)
|
| Bottom of the 4th over - 3 runs, 2 hits, 0 errors, 1 left on base; Williston 2 - Minot 5 |
| TOP OF THE 5TH |
|
Williston Water Wolves batting - Pitching for Minot Jets : LHP Allan Anderson
|
|
Batting: RHB Tex Morgan
|
0-0: Called Strike 0-1: Ball 1-1: Called Strike 1-2: Ball 2-2: Foul Ball, location: 2F 2-2: Foul Ball, location: 2F 2-2: Foul Ball, location: 2F 2-2: Strikes out looking
|
|
Batting: RHB Gary Clevenger
|
0-0: Foul Ball, location: 2F 0-1: Ball 1-1: Foul Ball, location: 2F 1-2: Ball 2-2: Ground out 4-3 (Groundball, 4MD, EV 103.1 MPH)
|
|
Batting: SHB Juan Castillo
|
0-0: Ball 1-0: Ground out U3 (Groundball, 3, EV 85.6 MPH)
|
| Top of the 5th over - 0 runs, 0 hits, 0 errors, 0 left on base; Williston 2 - Minot 5 |
| BOTTOM OF THE 5TH |
|
Minot Jets batting - Pitching for Williston Water Wolves : LHP Richard Whaley
|
|
Batting: LHB Theodore Milner
|
0-0: Ball 1-0: Called Strike 1-1: Swinging Strike 1-2: Strikes out swinging
|
|
Batting: RHB Jesus Aybar
|
0-0: Ball 1-0: Called Strike 1-1: Ball 2-1: Swinging Strike 2-2: Foul Ball, location: 2F 2-2: Ball 3-2: Base on Balls
|
|
Batting: RHB Hugo Olivas
|
0-0: Ball 1-0: Called Strike 1-1: Ball 2-1: DOUBLE (Flyball, 78D, EV 94.4 MPH) Jesus Aybar to third
|
|
Pitching: LHP Ramiro Acosta
|
|
|
Batting: RHB George Vogel
|
0-0: Ball 1-0: Called Strike 1-1: Foul Ball, location: 2F 1-2: Ball 2-2: Strikes out swinging
|
|
Batting: RHB William Phillips
|
0-0: Swinging Strike 0-1: Ball 1-1: Ball 2-1: Foul Ball, location: 2F 2-2: Strikes out swinging
|
| Bottom of the 5th over - 0 runs, 1 hit, 0 errors, 2 left on base; Williston 2 - Minot 5 |
| TOP OF THE 6TH |
|
Williston Water Wolves batting - Pitching for Minot Jets : LHP Allan Anderson
|
|
Batting: RHB Jim Reboulet
|
0-0: Ball 1-0: Ball 2-0: Called Strike 2-1: Foul Ball, location: 2F 2-2: DOUBLE (Flyball, 8LXD, EV 101.9 MPH)
|
|
Batting: RHB Pat Jelks
|
0-0: Foul Ball, location: 2F 0-1: Foul Ball, location: 2F 0-2: Ball 1-2: Ball 2-2: Foul Ball, location: 2F 2-2: Fly out, F8 (Line Drive, 8RD, EV 92.5 MPH)
|
|
Batting: RHB Eric Lane
|
0-0: Called Strike 0-1: Ball 1-1: Ball 2-1: Called Strike 2-2: Strikes out looking
|
|
Batting: RHB Nelson Santovenia
|
0-0: Foul Ball, location: 2F 0-1: Foul Ball, location: 2F 0-2: Ball 1-2: Fly out, F8 (Flyball, 8RD, EV 90.6 MPH)
|
| Top of the 6th over - 0 runs, 1 hit, 0 errors, 1 left on base; Williston 2 - Minot 5 |
| BOTTOM OF THE 6TH |
|
Minot Jets batting - Pitching for Williston Water Wolves : LHP Ramiro Acosta
|
|
Batting: LHB Douglas Reibel
|
0-0: Swinging Strike 0-1: Called Strike 0-2: Strikes out swinging
|
|
Batting: RHB Troy Afenir
|
0-0: Called Strike 0-1: Swinging Strike 0-2: Ball 1-2: Foul Ball, location: 2F 1-2: Ball 2-2: Strikes out swinging
|
|
Batting: RHB Tony Beal
|
0-0: Ball 1-0: Foul Ball, location: 2F 1-1: Ball 2-1: Foul Ball, location: 2F 2-2: Foul Ball, location: 2F 2-2: Ball 3-2: Base on Balls
|
|
Batting: RHB Jim Dickerson
|
0-0: Ball 1-0: Ball 2-0: Called Strike 2-1: Swinging Strike 2-2: Strikes out swinging
|
| Bottom of the 6th over - 0 runs, 0 hits, 0 errors, 1 left on base; Williston 2 - Minot 5 |
| TOP OF THE 7TH |
|
Williston Water Wolves batting - Pitching for Minot Jets : LHP Allan Anderson
|
|
Batting: RHB Brian White
|
0-0: Ball 1-0: Ball 2-0: Ball 3-0: Called Strike 3-1: Foul Ball, location: 2F 3-2: SINGLE (Groundball, 4MD, EV 96.3 MPH)
|
|
Batting: RHB Jeff Hamilton
|
0-0: Ball 1-0: Called Strike 1-1: Ball 2-1: Foul Ball, location: 2F 2-2: Ball 3-2: Strikes out swinging
|
|
Batting: RHB Tex Morgan
|
0-0: Called Strike 0-1: Swinging Strike 0-2: Ball 1-2: Foul Ball, location: 2F 1-2: Strikes out swinging
|
|
Batting: RHB Gary Clevenger
|
0-0: Ball 1-0: Foul Ball, location: 2F 1-1: Swinging Strike 1-2: Ball 2-2: Ball 3-2: 2-RUN HOME RUN (Flyball, 7D, EV 98.8 MPH), Distance : 389 ft
|
|
Batting: SHB Juan Castillo
|
0-0: Ball 1-0: Ball 2-0: Ground out 5-3 (Groundball, 56S, EV 82.5 MPH)
|
| Top of the 7th over - 2 runs, 2 hits, 0 errors, 0 left on base; Williston 4 - Minot 5 |
| BOTTOM OF THE 7TH |
|
Minot Jets batting - Pitching for Williston Water Wolves : LHP Ramiro Acosta
|
|
Batting: LHB Theodore Milner
|
0-0: Ball 1-0: Called Strike 1-1: Ball 2-1: Foul Ball, location: 2F 2-2: Foul Ball, location: 2F 2-2: Strikes out swinging
|
|
Batting: RHB Jesus Aybar
|
0-0: Ground out 5-3 (Groundball, 56, EV 98.1 MPH)
|
|
Batting: RHB Hugo Olivas
|
0-0: Called Strike 0-1: Ball 1-1: Ground out 4-3 (Groundball, 34, EV 85.0 MPH)
|
| Bottom of the 7th over - 0 runs, 0 hits, 0 errors, 0 left on base; Williston 4 - Minot 5 |
| TOP OF THE 8TH |
|
Williston Water Wolves batting - Pitching for Minot Jets : LHP Allan Anderson
|
|
Batting: RHB Jim Reboulet
|
0-0: Ball 1-0: Foul Ball, location: 2F 1-1: Ball 2-1: Fly out, F1 (Line Drive, P, EV 68.8 MPH)
|
|
Batting: RHB Pat Jelks
|
0-0: SOLO HOME RUN (Flyball, 9D, EV 94.4 MPH), Distance : 381 ft
|
|
Batting: RHB Eric Lane
|
0-0: Ball 1-0: Ball 2-0: SOLO HOME RUN (Flyball, 9D, EV 98.8 MPH), Distance : 388 ft
|
|
Pitching: LHP Rodney Rehmert
|
|
|
Batting: RHB Nelson Santovenia
|
0-0: Ball 1-0: Called Strike 1-1: Ball 2-1: Ball 3-1: Swinging Strike 3-2: Fly out, F7 (Flyball, 7LM, EV 73.8 MPH)
|
|
Batting: RHB Brian White
|
0-0: Foul Ball, location: 2F 0-1: Ball 1-1: Foul Ball, location: 2F 1-2: Ball 2-2: Ball 3-2: Base on Balls
|
|
Batting: RHB Jeff Hamilton
|
0-0: Called Strike 0-1: Ball 1-1: DOUBLE (Line Drive, 8LXD, EV 105.6 MPH) Brian White to third Runner from 3rd tries for Home, SAFE, no throw by CF
|
|
Batting: RHB Tex Morgan
|
0-0: Called Strike 0-1: Swinging Strike 0-2: Ball 1-2: SINGLE (Groundball, 4M, EV 90.0 MPH) (infield hit) Jeff Hamilton to third
|
|
Batting: RHB Gary Clevenger
|
0-0: Ball 1-0: Ball 2-0: Fly out, F7 (Flyball, 7LD, EV 103.8 MPH)
|
| Top of the 8th over - 3 runs, 4 hits, 0 errors, 2 left on base; Williston 7 - Minot 5 |
| BOTTOM OF THE 8TH |
|
Minot Jets batting - Pitching for Williston Water Wolves : LHP Ramiro Acosta
|
|
Batting: RHB George Vogel
|
0-0: Called Strike 0-1: Ball 1-1: Foul Ball, location: 2F 1-2: Ball 2-2: Foul Ball, location: 2F 2-2: Ground out 6-3 (Groundball, 6MS, EV 78.8 MPH)
|
|
Batting: RHB William Phillips
|
0-0: Foul Ball, location: 2F 0-1: Ground out 4-3 (Groundball, 4, EV 83.8 MPH)
|
|
Batting: LHB Douglas Reibel
|
0-0: Called Strike 0-1: Foul Ball, location: 2F 0-2: Fly out, F7 (Flyball, 7S, EV 84.4 MPH)
|
| Bottom of the 8th over - 0 runs, 0 hits, 0 errors, 0 left on base; Williston 7 - Minot 5 |
| TOP OF THE 9TH |
|
Williston Water Wolves batting - Pitching for Minot Jets : LHP Rodney Rehmert
|
|
Pitching: RHP Danny Ontiveros
|
|
|
Batting: SHB Juan Castillo
|
0-0: SINGLE (Flyball, 8LS, EV 93.1 MPH)
|
|
Batting: RHB Jim Reboulet
|
0-0: Ball 1-0: Foul Ball, location: 2F 1-1: Fielders Choice at 2nd, 4-6 (Groundball, 4, EV 84.4 MPH)
|
|
Batting: RHB Pat Jelks
|
0-0: Ball 1-0: Fly out, F8 (Flyball, 78M, EV 80.6 MPH)
|
|
Batting: RHB Eric Lane
|
0-0: Called Strike 0-1: Swinging Strike 0-2: Ball 1-2: Ball 2-2: Foul Ball, location: 2F 2-2: Strikes out swinging
|
| Top of the 9th over - 0 runs, 1 hit, 0 errors, 1 left on base; Williston 7 - Minot 5 |
| BOTTOM OF THE 9TH |
|
Minot Jets batting - Pitching for Williston Water Wolves : LHP Ramiro Acosta
|
|
Pitching: RHP Jeff Montgomery
|
|
|
Now at 1B: Michael Breslin
|
|
|
Batting: RHB Troy Afenir
|
0-0: Ball 1-0: Ball 2-0: Ball 3-0: Called Strike 3-1: Base on Balls
|
|
Batting: RHB Tony Beal
|
0-0: Ball 1-0: Foul Ball, location: 2F 1-1: Swinging Strike 1-2: Foul Ball, location: 2F 1-2: Ball 2-2: Ball 3-2: Strikes out swinging
|
|
Batting: RHB Jim Dickerson
|
0-0: Ball 1-0: Called Strike 1-1: Called Strike 1-2: Foul Ball, location: 2F 1-2: Strikes out swinging
|
|
Batting: LHB Theodore Milner
|
0-0: Ball 1-0: Ball 2-0: Ground out U3 (Groundball, 3, EV 106.3 MPH)
|
| Bottom of the 9th over - 0 runs, 0 hits, 0 errors, 1 left on base; Williston 7 - Minot 5 |
|